 Dungeon Crawl Stone Soup version 0.21-a0-404-g291f19a (webtiles) character file.

112 4thArraOfDagon the Ruffian (level 4, -5/38 HPs)
             Began as a Barachi Chaos Knight on Oct 30, 2017.
             Slain by a river rat (7 damage)
             ... on level 4 of the Dungeon.
             The game lasted 00:04:58 (985 turns).

4thArraOfDagon the Ruffian (Barachi Chaos Knight)    Turns: 985, Time: 00:04:58

Health: -5/38      AC:  4    Str: 13    XL:     4   Next: 95%
Magic:  4/4        EV: 12    Int: 13    God:    Xom [......]
Gold:   32         SH:  0    Dex: 12    Spells: 3/3 levels left

rFire    . . .     SeeInvis .     - Unarmed
rCold    . . .     Gourm    .   (no shield)
rNeg     . . .     Faith    .   a - +3 leather armour
rPois    .         Spirit   .   (no helmet)
rElec    .         Reflect  .   (no cloak)
rCorr    .         Harm     .   (no gloves)
MR       .....                  (no boots)
Stlth    +.........             (no amulet)
HPRegen  0.12/turn              l - -2 ring of protection (curse)
MPRegen  0.09/turn              (no ring)

@: about to teleport, slow
A: +LOS, swims, slowness 1, strong legs 1
a: Hop, Renounce Religion


You were on level 4 of the Dungeon.
You worshipped Xom.
You were a very special plaything of Xom.
You were not hungry.

You visited 1 branch of the dungeon, and saw 4 of its levels.

You collected 32 gold pieces.

Inventory:

Armour
 a - a +3 leather armour (worn)
 j - a +0 ring mail
Jewellery
 l - a cursed -2 ring of protection (left hand)
Potions
 e - a potion of flight
Comestibles
 b - 2 bread rations
 c - a royal jelly
 d - a chunk of flesh
 f - 5 fruits
 h - a meat ration


   Skills:
 + Level 4.6 Fighting
 - Level 2.4 Armour
 - Level 2.1 Dodging
 * Level 5.0 Unarmed Combat


You had 3 spell levels left.
You didn't know any spells.

Dungeon Overview and Level Annotations

Branches:
Dungeon (4/15)
 Temple: D:4-7

Altars:


Innate Abilities, Weirdness & Mutations

Shadows flee at your approach. (+LOS)
You can swim through water.
You cover ground slowly.
You can hop short distances.


Message History

The river rat bites you.
* * * LOW HITPOINT WARNING * * *
A hound comes into view.
Unknown command.
The hound barks!
You hit the river rat.
The river rat is moderately wounded.
The river rat misses you.
Unknown command.
You closely miss the river rat.
The river rat is moderately wounded.
The river rat bites you.
* * * LOW HITPOINT WARNING * * *
Unknown command.
Unknown command.
As you read the scroll labeled WUMILO FOOXEJ, it crumbles to dust.
You feel strangely unstable.
It was a scroll of teleportation.
The river rat bites you!
You die...
Xom chuckles heartily!

.)#..#.# .#..#.#
o..#.# #..#.#
#.####.o#.##..#
#.............#
#.#####.#.#####
##.##.#####.#.##
........@roh.<.#
##.#########...#
#..<# #...#
#...# #....
...... ........
.........


You could see a hound, a river rat and an orc.

Vanquished Creatures
  An orc priest (D:4)
  3 adders
  3 gnolls (D:3)
  2 leopard geckos (D:3)
  An orc (D:4)
  6 bats
  2 giant cockroaches
  3 goblins
  5 hobgoblins
  2 jackals (D:3)
  A quokka (D:2)
  A frilled lizard (D:1)
  2 kobolds
  5 rats
37 creatures vanquished.

Notes
Turn   | Place    | Note
-------+----------+-------------------------------------------
     0 | D:1      | 4thArraOfDagon the Barachi Chaos Knight began the quest for the Orb.
     0 | D:1      | Reached XP level 1. HP: 18/18 MP: 1/1
    49 | D:1      | XOM: harmless Necr miscast
   154 | D:1      | Reached XP level 2. HP: 25/25 MP: 2/2
   211 | D:2      | XOM: divination: magic mapping
   326 | D:2      | XOM: cast spell 'Cause Fear'
   372 | D:2      | Reached XP level 3. HP: 30/30 MP: 3/3
   446 | D:2      | Reached skill level 4 in Unarmed Combat
   463 | D:2      | XOM: silly message
   594 | D:3      | XOM: cast spell 'Statue Form'
   679 | D:3      | XOM: divination: detect items
   680 | D:3      | XOM: confusion (+ monsters)
   682 | D:3      | Reached XP level 4. HP: 27/37 MP: 4/4
   974 | D:4      | Reached skill level 5 in Unarmed Combat
   976 | D:4      | XOM: polymorph orc -> river rat
   985 | D:4      | Slain by a river rat

Vault maps used:
D:1:      lightli_arrival_maybe_door_vault
D:3:      first_bread, minmay_misc_feat_enclosed
D:4:      nicolae_overflow_hidden_temple, kennysheep_slug_shrine, serial_shops,
          nicolae_shop_overgrown_old_shop

Skill      XL: |  1  2  3  4 |
---------------+-------------+-----
Dodging        | 2 |  2.1
Fighting       | 4 |  4.6
Unarmed Combat | 4 5 |  5.0
Armour         | |  2.4

Action                   |  1- 3 |  4- 6 || total
-------------------------+-------+-------++-------
Melee: Unarmed           |    98 |    37 ||   135
       Punch             |     2 |       ||     2
  Use: Scroll            |     3 |     1 ||     4
       Potion            |       |     1 ||     1
 Stab: Distracted        |     1 |       ||     1
  Eat: Chunk             |       |     1 ||     1
Armor: Leather armour    |    34 |     2 ||    36
       Skin              |       |     3 ||     3
Dodge: Dodged            |    77 |    10 ||    87

Table legend:
 A = Spawn XP
 B = Non-spawn XP
 C = Spawn XP percentage of total XP
 D = Spawn monster count
 E = Non-spawn monster count
 F = Spawn count percentage of total count
 G = Total turns spent on level
                    A         B        C        D         E        F      G
               +---------+---------+-------+---------+---------+-------+---------
         Total |       0 |     161 |   0.0 |       0 |      37 |   0.0 |   985
               +---------+---------+-------+---------+---------+-------+---------
           D:1 |       0 |      14 |   0.0 |       0 |      10 |   0.0 |   199
           D:2 |       0 |      39 |   0.0 |       0 |       9 |   0.0 |   380
           D:3 |       0 |      64 |   0.0 |       0 |      16 |   0.0 |   365
           D:4 |       0 |      44 |   0.0 |       0 |       2 |   0.0 |    41
               +---------+---------+-------+---------+---------+-------+---------
